 Dungeon Crawl Stone Soup version 0.28-a0-1524-ge72afd5fc6 (webtiles) character file.

Game seed: 17644837266129178661

68 knot the Chopper (level 4, 27/34 (36) HPs)
             Began as a Demonspawn Berserker on Jan 18, 2022.
             Was a Believer of Trog.
             Quit the game on level 3 of the Dungeon.
             The game lasted 00:01:15 (2306 turns).

knot the Chopper (Demonspawn Berserker)             Turns: 2306, Time: 00:01:16

HP:   27/34 (36)    AC: 11    Str: 17    XL:     4   Next: 1%
MP:   4/4           EV: 11    Int: 10    God:    Trog [**....]
Gold: 47            SH:  0    Dex: 13    Spells: 3/3 levels left

rFire   . . .      SeeInvis .   a - +0 hand axe
rCold   . . .      Faith    .   (no shield)
rNeg    . . .      Spirit   .   h - +0 ring mail
rPois   .          Reflect  .   m - +0 helmet
rElec   .          Harm     .   (no cloak)
rCorr   .          Rampage  .   (no gloves)
Will    .....                   (no boots)
Stlth   +.........              (no amulet)
HPRegen 0.11/turn               j - +4 ring of protection
MPRegen 0.09/turn               (no ring)

@: drained
A: rugged brown scales 1, demonic touch 1
a: Renounce Religion, Berserk, Trog's Hand


You were on level 3 of the Dungeon.
You worshipped Trog.
Trog was pleased with you.
You visited 1 branch of the dungeon, and saw 3 of its levels.

You collected 47 gold pieces.

Inventory:

Hand Weapons
 a - a +0 hand axe (weapon)
Missiles
 c - 80 stones (quivered)
 e - 3 poisoned darts
 g - 3 atropa-tipped darts
Armour
 h - a +0 ring mail (worn)
 m - a +0 helmet (worn)
Jewellery
 j - a +4 ring of protection (left hand)
Scrolls
 b - a scroll of identify {unknown}
 d - a scroll of summoning {unknown}
 n - a scroll of magic mapping {unknown}
Potions
 f - a potion of curing {unknown}
 i - a potion of lignification {unknown}
 k - a potion of resistance {unknown}
 l - a potion of might {unknown}


   Skills:
 - Level 3.0 Fighting
 + Level 4.4 Axes
 - Level 1.7 Armour
 - Level 1.7 Dodging


You had 3 spell levels left.
You didn't know any spells.
Your spell library was empty.

Dungeon Overview and Level Annotations

Branches:
Dungeon (3/15)

Altars:
Hepliaklqana


Innate Abilities, Weirdness & Mutations

You are partially covered in rugged brown scales. (AC +1, +3% HP)
Your touch may inflict minor irresistible damage on your foes.


Message History

No target in view!
No target in view!
No target in view!
(D) Dungeon
Where to? (Enter - D:2, ? - help)
You see here a quokka corpse.
There is a stone staircase leading down here.
You climb downwards.
There is a stone staircase leading up here.
An endoplasm comes into view.
You hit the endoplasm.
You kill the endoplasm!
Trog accepts your kill.
n - a scroll labelled FOMAETISMO No target in view!
You now have 47 gold pieces (gained 12).
Found a hazy altar of Hepliaklqana.
No target in view!
No target in view!
No target in view!
No target in view!
No target in view!
A bat comes into view.
A bat is nearby!
Found a ring mail.
The bat hits you but does no damage. The bat hits you but does no damage.
The bat barely misses you. The bat hits you but does no damage.
You barely miss the bat. Your touch misses the bat. You hit the plant.
The plant begins to die.
You hit the plant.
The plant begins to die.
You hit the plant.
The plant begins to die.
You hit the plant.
The plant begins to die.
The bat hits you but does no damage. The bat hits you but does no damage.
You barely miss the bat.
You touch the bat.
You kill the bat!
Trog accepts your kill.
You hit the plant.
The plant begins to die.
You hit the plant. x2
You have reached level 4!
You feel agile.
Your demonic ancestry asserts itself...
Rugged brown scales grow over part of your body.
Are you sure you want to abandon this character and quit the game? (Confirm with "yes".)

#..........# #.
#.PPPP.P... ...
#.........##..
#.P.PP..P....
..P.....P..#
..P.$_..P..#
..P....†P.#
..P...P@P.#
#.........#
#..PPPP.P.########
..........##.....#
..........##.###.###
.............###...#
..........####...#.##
..........+.........#
..........#....###..#


There were no monsters in sight!

Vanquished Creatures
  An adder (D:2)
  2 dart slugs
  5 ball pythons
  4 bats
  7 endoplasms
  2 giant cockroaches (D:1)
  5 goblins
  6 hobgoblins
  2 jackals (D:1)
  A quokka (D:2)
  A frilled lizard (D:2)
  5 kobolds
  7 rats
48 creatures vanquished.

Vanquished Creatures (others)
  9 plants
9 creatures vanquished.

Grand Total: 57 creatures vanquished

Notes
Turn   | Place    | Note
-------+----------+-------------------------------------------
     0 | D:1      | knot the Demonspawn Berserker began the quest for the Orb.
     0 | D:1      | Reached XP level 1. HP: 18/18 MP: 1/1
   194 | D:1      | Reached skill level 3 in Axes
   196 | D:1      | Gained mutation: Your touch may inflict minor irresistible
                  | damage on your foes. [demonic ancestry]
   196 | D:1      | Reached XP level 2. HP: 24/24 MP: 2/2
   818 | D:1      | Reached ** piety under Trog
  1100 | D:1      | Reached XP level 3. HP: 29/29 MP: 3/3
  1276 | D:1      | Found a faded altar of an unknown god.
  1458 | D:2      | Reached skill level 4 in Axes
  2297 | D:3      | Found a hazy altar of Hepliaklqana.
  2306 | D:3      | Gained mutation: You are partially covered in rugged brown
                  | scales. (AC +1, +3% HP) [demonic ancestry]
  2306 | D:3      | Reached XP level 4. HP: 27/34 MP: 4/4
  2306 | D:3      | Quit the game

Illustrated notes

Levels and vault maps discovered:
D:1:      roderic_chinese_lattice_arrival, layout_basic,
          shapermc_ecumenical_altar_mp_ritualfount
D:2:      layout_basic, kennysheep_generic_room_15
D:3:      layout_basic, mainiacjoe_overflow_cross_hatched,
          nicolae_ru_sacrificial_ziggurat, serial_bayou_ford_a,
          chequers_serial_rivers_micro_b, uniq_sigmund

Skill      XL: |  1  2  3 |
---------------+----------+-----
Axes           | 3 4 |  4.4
Fighting       | |  3.0
Armour         | |  1.7
Dodging        | |  1.7

Action                   |  1- 3 |  4- 6 || total
-------------------------+-------+-------++-------
Melee: Hand axe          |   104 |       ||   104
       Touch             |    14 |       ||    14
       Punch             |     1 |       ||     1
Invok: Berserk           |     3 |       ||     3
Armor: Animal skin       |     4 |       ||     4
       Ring mail         |    36 |       ||    36
Dodge: Dodged            |    55 |       ||    55

Table legend: (Time is in decaauts)
 A = Elapsed time spent in this place.
 B = Non-inter-level travel time spent in this place.
 C = Inter-level travel time spent in this place.
 D = Time resting spent in this place.
 E = Time spent auto-exploring this place.
 F = Levels seen in this place.
 G = Mean time per level.
                   A        B        C        D        E       F      G
               +--------+--------+--------+--------+--------+-----+--------+
         Total |   2346 |   2255 |     91 |    342 |   1631 |   3 |  782.0 |
       Dungeon |   2346 |   2255 |     91 |    342 |   1631 |   3 |  782.0 |
               +--------+--------+--------+--------+--------+-----+--------+

Top non-repeatable levels by time:
     D:1: 1445 daAuts
     D:2: 844 daAuts
     D:3: 56 daAuts
